 Dungeon Crawl Stone Soup version 0.16.1-4-g8e1b745 (webtiles) character file.

361 RobertPalmer the Sneak (level 6, -1/39 HPs)
             Began as an Octopode Warper on Mar 27, 2015.
             Succumbed to poison (a potion of poison)
             ... on level 5 of the Dungeon.
             The game lasted 00:07:04 (4592 turns).

RobertPalmer the Sneak (Octopode Warper)            Turns: 4592, Time: 00:07:04

Health: -1/39      AC:  1    Str: 10 (11) XL:     6   Next: 66%
Magic:  10/10      EV: 14    Int: 21      God:
Gold:   285        SH:  0    Dex: 13      Spells: 2 memorised, 6 levels left

rFire  . . .     SeeInvis .     a - +1 short sword
rCold  . . .     Clarity  .     (no shield)
rNeg   . . .     SustAb   .     (helmet restricted)
rPois  .         Gourm    .     (no amulet)
rElec  .         Spirit   .     l - +2 ring of evasion
rCorr  .         Warding  .     x - +6 ring of intelligence
rMut   .         Stasis   .     (no ring)
MR     .....                    (no ring)
Stlth  +++++.....               (no ring)
                                (no ring)
                                (no ring)
                                (no ring)

@: lethally poisoned (-1 -> -13), not resistant to hostile enchantments, quite
stealthy
A: almost no armour, amphibious, 8 rings, constrict 8, camouflage 1, gelatinous
body 1
a: no special abilities


You were on level 5 of the Dungeon.
You were not hungry.

You visited 1 branch of the dungeon, and saw 5 of its levels.

You collected 285 gold pieces.

Inventory:

Hand weapons
 a - a +1 short sword (weapon)
Missiles
 e - 5 tomahawks of dispersal {=f}
 m - 16 poisoned needles
 p - 2 throwing nets {=f, !d}
 s - 3 curare-tipped needles
 u - a javelin of penetration (quivered)
 B - 4 tomahawks
Jewellery
 l - a +2 ring of evasion (left tentacle)
   (You found it on level 2 of the Dungeon)
 o - an uncursed amulet of stasis {Stasis, !d}
   (You found it on level 2 of the Dungeon)
 x - a +6 ring of intelligence (right tentacle)
   (You found it on level 3 of the Dungeon)
Scrolls
 d - a scroll of blinking {!r}
 q - 2 scrolls of enchant weapon
 r - a scroll of remove curse
 t - 2 scrolls of teleportation
 y - a scroll of enchant armour
 C - 3 scrolls of identify
Potions
 b - 2 potions of restore abilities {unknown}
 i - 2 potions of poison {!q}
 j - a potion of agility {unknown}
 v - a potion of flight {unknown}
Books
 c - a book of Spatial Translocations
Comestibles
 f - 3 bread rations {@e1}
 g - 8 fruits
 h - a royal jelly
 k - a beef jerky
 n - a meat ration {@e2}
 w - a slice of pizza
 z - 5 chunks of flesh {@w0}


   Skills:
 - Level 2.0 Fighting
 - Level 5.0 Short Blades
 - Level 1.0 Throwing
 - Level 2.3 Dodging
 + Level 6.5 Stealth
 - Level 2.0 Spellcasting
 - Level 3.0 Translocations


You had 6 spell levels left.
You knew the following spells:

 Your Spells              Type           Power        Failure   Level  Hunger
b - Blink                 Tloc           N/A          8%          2    ##.....
g - Apportation           Tloc           ##........   4%          1    #......


Dungeon Overview and Level Annotations

Branches:
Dungeon (5/15)
 Temple: D:4-7

Altars:
Ashenzari
Cheibriados
Fedhas
Gozag
Kikubaaqudgha
Qazlal
Sif Muna
Trog
The Shining One

Annotations:
D:2 Robin


Innate Abilities, Weirdness & Mutations

You cannot wear most types of armour.
You are amphibious.
You can wear up to eight rings at the same time.
You can use your tentacles to constrict many enemies at once.
Your skin changes colour to match your surroundings (Stealth).
Your rubbery body absorbs attacks (AC +1).


Message History

You hit the hound.
You kill the hound!
Your Stealth skill increases to level 6!
No target in view!
u - 3 javelins of penetration (gained 1)
There is an open door here.
There is an open door here.
There is an open door here.
There is a large open door here.
Done exploring.
Done exploring.
You regained 5 hp, and now have 37/39 hp.
Done exploring.
(D) Dungeon
Where to? (Enter - D:5, ? - help)
There is a large open door here.
You see here a hand axe.
As you open the door, it creaks loudly!
There is an open door here.
There is a stone staircase leading down here.
You climb downwards. 2 orcs and an orc priest come into view.
There is a stone staircase leading up here.
Health restored: 39 The helpless orc fails to defend itself.
You hit the orc!!
You kill the orc!
The helpless orc fails to defend itself.
You hit the orc!!
You kill the orc!
Things that are here:
a hand axe; a leather armour The helpless orc priest fails to defend itself.
You hit the orc priest!!
You kill the orc priest!
There isn't anything to butcher here.
Things that are here:
a short sword; an orc corpse You butcher the orc corpse.
z - 5 chunks of flesh {@w0} (gained 2)
You see here a short sword.
Things that are here:
a hand axe; a leather armour
There is a stone staircase leading up here.
B - 4 tomahawks
Things that are here:
a dagger; a leather armour; an orc corpse
Things that are here:
a dagger; a leather armour; an orc corpse A centaur comes into view.
The centaur shouts!
The centaur wields a shortbow.
The centaur shoots an arrow.
The arrow misses you.
The centaur shoots an arrow.
The arrow completely misses you.
You see here 2 arrows.
A centaur is nearby!
A centaur is nearby!
Aim: a centaur, wielding a shortbow You throw a javelin of penetration.
The javelin of penetration pierces through the centaur but does no damage.
The centaur shoots an arrow.
The arrow completely misses you.
Aim: a centaur, wielding a shortbow You throw a javelin of penetration.
The javelin of penetration closely misses the centaur.
The centaur shoots an arrow.
The arrow hits you!
You take 11 damage, and have 28/39 hp.
MASSIVE DAMAGE!!
The centaur shoots an arrow.
The arrow hits you!
You see here an arrow.
You take 8 damage, and have 20/39 hp.
MASSIVE DAMAGE!!
The centaur unwields an uncursed shortbow.
The centaur closely misses you. The centaur misses you.
You hit the centaur.
You squeeze the centaur, but do no damage.
The centaur closely misses you.
You hit the centaur. The centaur barely misses you.
You hit the centaur. The centaur hits you!
You take 7 damage, and have 13/39 hp.
You hit the centaur. The centaur barely misses you.
The centaur barely misses you.
Unknown command.
You completely miss the centaur. The centaur hits you!
* * * LOW HITPOINT WARNING * * *
You take 9 damage, and have 4/39 hp.
MASSIVE DAMAGE!!
Drink which item? (? for menu, Esc to quit)
You feel better. The centaur hits you.
* * * LOW HITPOINT WARNING * * *
You regained 5 hp, and now have 9/39 hp.
You barely miss the centaur. Your squeeze misses the centaur.
The centaur barely misses you. The centaur hits you!
* * * LOW HITPOINT WARNING * * *
You take 8 damage, and have 1/39 hp.
MASSIVE DAMAGE!!
Drink which item? (? for menu, Esc to quit)
It was a potion of poison.
That liquid tasted very nasty...
You are lethally poisoned!
You die...

#.# ### ... #.#
#.# #.# #.# ####.#
#.#
#....##########.#
#.#..........##.#
#.#.####.###.##c#
#...####.###.##@#
###.##.......##(##
#........)..(..#
######.###<#####
####.# #)#
#....###)#
#.###....# #.#
#.#### #.###.#


You could see a centaur.

Vanquished Creatures
  3 hounds
  An orc wizard (D:4)
  An orc priest (D:5)
  A worker ant (D:4)
  5 gnolls
  4 adders
  A worm (D:3)
  2 giant geckos (D:1)
  12 orcs
  2 bat skeletons (D:4)
  4 giant cockroaches
  13 goblins
  11 hobgoblins
  5 jackals
  7 kobolds
  10 bats
  8 giant newts
  9 rats
99 creatures vanquished.

Notes
Turn   | Place    | Note
--------------------------------------------------------------
     0 | D:1      | RobertPalmer, the Octopode Warper, began the quest for the Orb.
     0 | D:1      | Reached XP level 1. HP: 14/14 MP: 3/3
   310 | D:1      | Reached XP level 2. HP: 12/19 MP: 4/4
   510 | D:1      | Reached skill level 3 in Short Blades
  1110 | D:1      | Reached XP level 3. HP: 17/24 MP: 6/6
  1401 | D:1      | Learned a level 2 spell: Blink
  1428 | D:2      | Noticed Robin
  1433 | D:1      | HP: 6/24 [hobgoblin/club[Robin] (1)]
  2006 | D:2      | Reached skill level 4 in Short Blades
  2193 | D:2      | Found a shattered altar of Ashenzari.
  2301 | D:2      | Reached XP level 4. HP: 19/29 MP: 7/7
  2584 | D:2      | Reached skill level 5 in Short Blades
  2584 | D:2      | Reached XP level 5. HP: 34/34 MP: 9/9
  2622 | D:2      | Reached skill level 1 in Stealth
  2671 | D:3      | Reached skill level 2 in Stealth
  2744 | D:3      | Found a stormy altar of Qazlal.
  2936 | D:3      | Reached skill level 3 in Stealth
  3441 | D:4      | Reached skill level 4 in Stealth
  3441 | D:4      | Reached XP level 6. HP: 22/39 MP: 10/10
  3594 | D:4      | Found a bloodstained altar of Trog.
  3594 | D:4      | Found a deep blue altar of Sif Muna.
  3596 | D:4      | Found a glowing golden altar of the Shining One.
  3596 | D:4      | Found a snail-covered altar of Cheibriados.
  3599 | D:4      | Found an ancient bone altar of Kikubaaqudgha.
  3600 | D:4      | Found an opulent altar of Gozag.
  3602 | D:4      | Found a blossoming altar of Fedhas.
  3647 | D:4      | Reached skill level 5 in Stealth
  4468 | D:4      | Reached skill level 6 in Stealth
  4528 | D:5      | Entered Level 5 of the Dungeon
  4589 | D:5      | HP: 4/39 [centaur (9)]
  4591 | D:5      | HP: 1/39 [centaur (9)]
  4592 | D:5      | Succumbed to poison (a potion of poison)

Action                   |  1- 3 |  4- 6 || total
-------------------------+-------+-------++-------
Melee: Short sword       |   104 |   117 ||   221
Throw: Javelin           |       |    57 ||    57
  Use: Scroll            |     4 |     7 ||    11
       Potion            |     2 |     2 ||     4
 Stab: Sleeping          |     4 |     5 ||     9
  Eat: Chunk             |     4 |     7 ||    11

Vault maps used:
D:1:      nagdon_arrival_double_spiral, minmay_misc_feat_encased,
          kennysheep_crisscross, feat_on_display
D:2:      ashenzari_conservatory_becter, dk_vineyard_3, cheibrodos_gnoll_hut,
          uniq_robin
D:3:      lemuel_crystal_altar, first_bread
D:4:      kennysheep_big_flooded_room, grunt_temple_overflow_open,
          serial_bayou_lagoon_a
D:5:      kennysheep_mini_moat, lemuel_old_faithful

Table legend:
 A = Turns spent in this place as a percentage of turns spent in the entire game.
 B = Non-inter-level travel turns spent in this place as a percentage of non-inter-level travel turns spent in the entire game.
 C = Inter-level travel turns spent in this place as a percentage of turns spent in this place.
 D = Turns resting spent in this place as a percentage of non-inter-level travel turns spent in this place.
 E = Turns spent auto-exploring this place as a percentage of non-inter-level travel turns spent in this place.
 F = Non-inter-level travel turns spent in this place divided by the number of levels of this place that you've seen.
                   A       B       C       D       E      F
               +-------+-------+-------+-------+-------+----------------------
         Total | 100.0 | 100.0 |   0.4 |   2.5 |   7.3 | 311.0
       Dungeon | 100.0 | 100.0 |   0.4 |   2.5 |   7.3 | 311.0
               +-------+-------+-------+-------+-------+----------------------

Table legend:
 A = Kills in this place as a percentage of kills in entire the game.
 B = Kills by you in this place as a percentage of kills by you in the entire game.
 C = Kills by friends in this place as a percentage of kills by friends in the entire game.
 D = Other kills in this place as a percentage of other kills in the entire game.
 E = Experience gained in this place as a percentage of experience gained in the entire game.
 F = Experience gained in this place divided by the number of levels of this place that you have seen.
                   A       B       C       D       E      F
               +-------+-------+-------+-------+-------+----------------------
         Total | 100.0 | 100.0 |  -nan |  -nan | 100.0 | 103.4
       Dungeon | 100.0 | 100.0 |  -nan |  -nan | 100.0 | 103.4
               +-------+-------+-------+-------+-------+----------------------
